 Dungeon Crawl Stone Soup version 0.29.1-1-gd02db6906a (webtiles) character file.

Game seed: 5280691963297726338

123 whatisthis the Ogre Mage (level 5, -1/48 HPs)
             Began as an Ogre Hedge Wizard on Oct 13, 2022.
             Slain by Ijyb
             ... wielding a +0 dagger
              (4 damage)
             ... on level 3 of the Dungeon.
             The game lasted 00:31:00 (3766 turns).

whatisthis the Ogre Mage (Ogre Hedge Wizard)        Turns: 3766, Time: 00:31:01

Health: -1/48      AC:  4    Str: 16    XL:     5   Next: 7%
Magic:  5/12       EV: 10    Int: 15    God:
Gold:   126        SH:  0    Dex:  8    Spells: 12/14 levels left

rFire   . . .      SeeInvis .   j - +0 war axe
rCold   . . .      Faith    .   (no shield)
rNeg    + . .      Spirit   .   b - +0 robe
rPois   .          Reflect  .   c - +1 hat
rElec   .          Harm     .   (no cloak)
rCorr   .          Rampage  .   (gloves unavailable)
Will    .....                   (boots unavailable)
Stlth   +.........              (no amulet)
HPRegen 0.16/turn               k - ring of positive energy
MPRegen 0.13/turn               (no ring)

@: no status effects
A: large, unfitting armour, tough skin 1
a: no special abilities


You were on level 3 of the Dungeon.
You visited 1 branch of the dungeon, and saw 4 of its levels.

You collected 126 gold pieces.

Inventory:

Hand Weapons
 j - a +0 war axe (weapon)
Missiles
 e - 38 stones
Armour
 b - a +0 robe (worn)
 c - a +1 hat (worn)
Jewellery
 a - an amulet of faith
 k - a ring of positive energy (left hand)
Scrolls
 f - 2 scrolls of immolation {unknown}
 h - 2 scrolls of teleportation {unknown}
 i - 2 scrolls of vulnerability {unknown}
 l - 5 scrolls of identify
 p - a scroll of enchant armour
 q - a scroll of magic mapping {unknown}
Potions
 d - 2 potions of magic
 m - a potion of ambrosia
 n - a potion of flight {unknown}
 o - a potion of mutation {unknown}
 r - a potion of resistance {unknown}


   Skills:
 + Level 1.6 Fighting
 + Level 1.5 Axes
 + Level 2.4 Dodging
 - Level 1.4 Stealth
 + Level 5.0 Spellcasting
 + Level 1.5 Conjurations
 - Level 0.8 Summonings
 - Level 0.8 Translocations


You had 12 spell levels left.
You knew the following spells:

 Your Spells              Type           Power      Damage    Failure   Level
a - Magic Dart            Conj           32%        1d4       9%          1
b - Slow                  Hex            12%        N/A       16%         1

Your spell library contained the following spells:

 Spells                   Type           Power      Damage    Failure   Level
 Freeze                   Ice            12%        1d4       16%         1
 Sting                    Tmut/Pois      12%        1d3       16%         1
 Blink                    Tloc           12%        N/A       17%         2
 Call Imp                 Summ           6%         N/A       17%         2
 Poisonous Vapours        Pois/Air       6%         N/A       24%         2
 Conjure Flame            Conj/Fire      6%         6-21      34%         3
 Mephitic Cloud           Conj/Pois/Air  5%         N/A       36%         3
 Frozen Ramparts          Ice            6%         1d1       43%         3
 Hailstorm                Conj/Ice       6%         3d4       75%         4
 Olgreb's Toxic Radiance  Pois           3%         N/A       85%         4


Dungeon Overview and Level Annotations

Branches:
Dungeon (4/15)
 Temple: D:4-7

Altars:
Ashenzari

Shops:
D:2 :=!**

Annotations:
D:3 Ijyb


Innate Abilities, Weirdness & Mutations

You are too large for most types of armour.
You have tough skin. (AC +1)


Message History

Ijyb hits you with a +0 dagger.
Your magical contamination has completely faded away.
Casting: Magic Dart (safe; 9% risk of failure)
Confirm with . or Enter, or press ? or * to list all spells.
Aiming: Slow (safe; 16% risk of failure)
Press: ? - help, Shift-Dir - straight line, f/p - Ijyb
Aim: Ijyb, wielding a +0 dagger, wearing a +0 leather armour and carrying a wand of flame (27) (lightly wounded, chance to affect: 46%) Ijyb resists with some effort.
Ijyb hits you with a +0 dagger.
Unknown command.
Casting: Slow (safe; 16% risk of failure)
Confirm with . or Enter, or press ? or * to list all spells.
Aiming: Slow (safe; 16% risk of failure)
Press: ? - help, Shift-Dir - straight line, f/p - Ijyb
Aim: Ijyb, wielding a +0 dagger, wearing a +0 leather armour and carrying a wand of flame (27) (lightly wounded, chance to affect: 46%) Ijyb resists with some effort.
Ijyb hits you but does no damage.
Aiming: Magic Dart (safe; 9% risk of failure)
Press: ? - help, Q - select action, (/) - cycle Shift-Dir - straight line, f/p - Ijyb
Aim: Ijyb, wielding a +0 dagger, wearing a +0 leather armour and carrying a wand of flame (27) (lightly wounded, 100% to hit)
The magic dart hits Ijyb.
Ijyb is moderately wounded.
Ijyb hits you with a +0 dagger.
You barely miss Ijyb.
Ijyb is moderately wounded.
Ijyb hits you with a +0 dagger.
You hit Ijyb.
Ijyb is heavily wounded.
Ijyb hits you with a +0 dagger.
* * * LOW HITPOINT WARNING * * *
Ijyb zaps a wand.
The puff of flame hits you.
* * * LOW HITPOINT WARNING * * *
Unknown command.
As you read the scroll labelled QAN WEIVACHAWE, it crumbles to dust.
It is a scroll of identify.
m - a potion of ambrosia Ijyb zaps a wand.
The puff of flame hits you!
* * * LOW HITPOINT WARNING * * *
As you read the scroll labelled TEIRCHU DUOBASI, it crumbles to dust.
It is a scroll of enchant armour.
Your +0 hat glows green for a moment.
Ijyb hits you with a +0 dagger.
You die...

#....###..#######...[......###...
###..####...........######.......
.......##))#######...####...###._
....)..##..# #......#.#......
.......##..# ####........#...
.......##).######## #####..#..#.♣
...........##.....## #.......♣
...............g...## #.####..♣
###.............@...# ##.# ##.♣
#.................# ##..#####..
#.................###..........
###................###....#####.#
#.................##......# #.#
#................##....#.## #†#
#...............##.......# #.#
###............##......### #..
#...........##......## #..


You could see Ijyb.

Vanquished Creatures
  An orc wizard (D:3)
  2 adders
  3 worms (D:2)
  A dart slug (D:3)
  7 orcs (D:3)
  4 ball pythons
  4 bats
  8 endoplasms
  4 giant cockroaches
  5 goblins
  5 hobgoblins
  A quokka (D:1)
  5 frilled lizards
  7 kobolds
  6 rats
63 creatures vanquished.

Vanquished Creatures (others)
  4 toadstools (D:1)
4 creatures vanquished.

Grand Total: 67 creatures vanquished

Notes
Turn   | Place    | Note
-------+----------+-------------------------------------------
     0 | D:1      | whatisthis the Ogre Hedge Wizard began the quest for the
                  | Orb.
     0 | D:1      | Reached XP level 1. HP: 16/16 MP: 5/5
   138 | D:1      | Reached skill level 4 in Spellcasting
   138 | D:1      | Reached XP level 2. HP: 20/24 MP: 5/7
   362 | D:1      | Learned a level 1 spell: Slow
   797 | D:1      | Reached XP level 3. HP: 27/32 MP: 9/9
  1229 | D:2      | Found Ugraos's General Store.
  1255 | D:2      | Found Vadyrphogie's Distillery.
  1365 | D:2      | Reached skill level 1 in Fighting
  1397 | D:2      | Found Didwatuk's General Store.
  1947 | D:2      | Reached skill level 1 in Conjurations
  2103 | D:2      | Found Xicwoler's Book Emporium.
  2127 | D:2      | Reached skill level 1 in Axes
  2158 | D:2      | Found Cesch's Jewellery Emporium.
  2216 | D:2      | Reached XP level 4. HP: 33/41 MP: 10/10
  2632 | D:3      | Found a broken altar of Ashenzari.
  3221 | D:3      | Reached skill level 5 in Spellcasting
  3346 | D:3      | Reached XP level 5. HP: 48/48 MP: 4/12
  3744 | D:4      | Noticed Ijyb
  3766 | D:3      | Slain by Ijyb

Illustrated notes

Levels and vault maps discovered:
D:1:      ldierk_walled_garden_2, layout_rooms, st_stairs_3
D:2:      layout_loops_ring, serial_shops, shop, shop, shop, shop, shop,
          amcnicky_mini_pool_small
D:3:      layout_rooms, mainiacjoe_overflow_boulevard, nrook_mini_backslash
D:4:      layout_basic, mainiacjoe_overflow_paths, cheibrodos_sewer_entry_bend,
          dk_vineyard_3, uniq_natasha, uniq_duvessa, uniq_ijyb

Skill      XL: |  1  2  3  4 |
---------------+-------------+-----
Dodging        | 2 |  2.4
Spellcasting   | 4 5 |  5.0
Fighting       | 1 |  1.6
Conjurations   | 1 |  1.5
Axes           | 1 |  1.5
Stealth        | |  1.4
Summonings     | |  0.8
Translocations | |  0.8

Action                   |  1- 3 |  4- 6 || total
-------------------------+-------+-------++-------
Melee: Dagger            |    19 |       ||    19
       War axe           |    90 |    47 ||   137
 Cast: Magic Dart        |    48 |    65 ||   113
       Slow              |     2 |     6 ||     8
  Use: Potion            |     1 |     1 ||     2
       Scroll            |       |     2 ||     2
 Stab: Sleeping          |     1 |       ||     1
Armor: Robe              |    36 |    23 ||    59
Dodge: Dodged            |    68 |    40 ||   108
